 Dungeon Crawl Stone Soup version 0.28.0-43-g3370ac3207 (webtiles) character file.

Game seed: 8268681085955021068

6270 pkoi the Grappler (level 10, -1/102 HPs)
             Began as a Troll Monk on Mar 26, 2022.
             Was a High Priest of Okawaru.
             Slain by a vampire mosquito (9 damage)
             ... on level 10 of the Dungeon.
             The game lasted 00:11:24 (8340 turns).

pkoi the Grappler (Troll Monk)                      Turns: 8340, Time: 00:11:25

Health: -1/102     AC:  4    Str: 25      XL:     10   Next: 63%
Magic:  20/22      EV: 16    Int:  6      God:    Okawaru [*****.]
Gold:   620        SH:  0    Dex: 10 (12) Spells: 7/9 levels left

rFire   . . .      SeeInvis .     - Unarmed
rCold   . . .      Faith    .   (no shield)
rNeg    . . .      Spirit   .   a - +0 robe
rPois   .          Reflect  .   (helmet restricted)
rElec   .          Harm     .   (no cloak)
rCorr   .          Rampage  .   (gloves unavailable)
Will    .....                   (boots unavailable)
Stlth   +++.......              (no amulet)
HPRegen 1.07/turn               d - ring of magical power
MPRegen 0.18/turn               b - +4 ring of evasion

@: heroic
A: large, unfitting armour, claws 3, regeneration 1, shaggy fur 1, tough skin 1
a: Renounce Religion, Heroism, Finesse, Duel


You were on level 10 of the Dungeon.
You worshipped Okawaru.
Okawaru was extremely pleased with you.
You visited 2 branches of the dungeon, and saw 11 of its levels.

You collected 620 gold pieces.

Inventory:

Hand Weapons
 A - a +6 spear of venom
Missiles
 h - 2 throwing nets
 i - 20 poisoned darts (quivered)
 y - 10 javelins
 B - 6 datura-tipped darts
Armour
 a - a +0 robe (worn)
Jewellery
 b - a +4 ring of evasion (right claw)
 d - a ring of magical power (left claw)
 C - an amulet of faith
Wands
 w - a wand of polymorph (11)
 z - a wand of mindburst (12)
Scrolls
 f - 2 scrolls of noise {unknown}
 j - a scroll of fog {unknown}
 k - a scroll of silence {unknown}
 m - 7 scrolls of enchant weapon {unknown}
 n - 2 scrolls of immolation {unknown}
 o - 2 scrolls of vulnerability {unknown}
 q - a scroll of magic mapping
 r - 9 scrolls of identify
 t - a scroll of summoning {unknown}
 v - 3 scrolls of teleportation
 x - a scroll of enchant armour {unknown}
Potions
 c - 2 potions of ambrosia
 e - a potion of heal wounds
 g - a potion of degeneration
 l - 3 potions of mutation {unknown}
 p - a potion of berserk rage {unknown}
 s - a potion of lignification {unknown}
 u - 4 potions of curing


   Skills:
 + Level 7.2(12.2) Fighting
 + Level 2.7(7.7) Throwing
 + Level 3.6(8.6) Dodging
 - Level 1.0(6.0) Stealth
 * Level 11.8(16.8) Unarmed Combat
 - Level 6.0 Invocations


You had 7 spell levels left.
You knew the following spells:

 Your Spells              Type           Power      Damage    Failure   Level
a - Blink                 Tloc           0%         N/A       58%         2

Your spell library contained the following spells:

 Spells                   Type           Power      Damage    Failure   Level
 Pain                     Necr           0%         1d4       45%         1
 Frozen Ramparts          Ice            0%         1d2       83%         3
 Lesser Beckoning         Tloc           0%         N/A       83%         3
 Vampiric Draining        Necr           0%         2d6       83%         3
 Ice Form                 Ice/Tmut       0%         N/A       99%         4
 Manifold Assault         Tloc           0%         N/A       100%        5
 Dispersal                Tloc           0%         N/A       100%        6
 Disjunction              Tloc           0%         N/A       100%        8
 Animate Skeleton         Necr           Unusable   N/A       N/A         1
 Summon Ice Beast         Ice/Summ       Unusable   N/A       N/A         4

Dungeon Overview and Level Annotations

Branches:
Dungeon (10/15)            Temple (1/1) D:4
   Lair: D:8-11         Orc: D:9-12

Altars:
Ashenzari
Cheibriados
Dithmenos
Elyvilon
Fedhas
Gozag
Hepliaklqana
Kikubaaqudgha
Makhleb
Nemelex Xobeh
Okawaru
Qazlal
Ru
Sif Muna
Trog
Uskayaw
Vehumet
Wu Jian
Xom
Yredelemnul
Zin
The Shining One

Shops:
D:2 [   D:7 *

Annotations:
D:8 Grum


Innate Abilities, Weirdness & Mutations

You are too large for most types of armour.
You have claws for hands.
Your natural rate of healing is unusually fast.
You are covered in fur. (AC +1)
You have tough skin. (AC +1)


Message History

Unknown command.
The vampire mosquito bites you but does no damage.
The vampire mosquito closely misses you.
You barely miss the vampire mosquito. The vampire mosquito barely misses you.
The vampire mosquito bites you!
* * * LOW HITPOINT WARNING * * *
The vampire mosquito draws strength from your injuries!
You claw the vampire mosquito!
The vampire mosquito is heavily damaged.
The vampire mosquito closely misses you.
You scratch the vampire mosquito but do no damage.
The vampire mosquito is heavily damaged.
The vampire mosquito barely misses you. x2
You scratch the vampire mosquito.
The vampire mosquito is heavily damaged.
The vampire mosquito bites you.
* * * LOW HITPOINT WARNING * * *
The vampire mosquito draws strength from your injuries!
You completely miss the vampire mosquito.
The vampire mosquito is heavily damaged.
The vampire mosquito bites you but does no damage.
The vampire mosquito bites you!
* * * LOW HITPOINT WARNING * * *
The vampire mosquito draws strength from your injuries!
You scratch the vampire mosquito but do no damage.
The vampire mosquito is lightly damaged.
The vampire mosquito bites you.
* * * LOW HITPOINT WARNING * * *
The vampire mosquito draws strength from your injuries!
You claw the vampire mosquito!
The vampire mosquito is severely damaged.
The vampire mosquito bites you!
* * * LOW HITPOINT WARNING * * *
The vampire mosquito draws strength from your injuries!
The vampire mosquito bites you!
* * * LOW HITPOINT WARNING * * *
The vampire mosquito draws strength from your injuries!
You gain the combat prowess of a mighty hero.
The vampire mosquito misses you. The vampire mosquito bites you!
You die...

#.. #.# #.# #.#
... # #.#
.##.###.#
.......@###.#.#
...##.##..y......
. #..# #.####...#
.##..# #.# .# ≈≈
..... #.# ≈..
##..# #.#
≈...#...#####.#
..............#
.......<..#####


You could see a vampire mosquito.

Vanquished Creatures
  A two-headed ogre (D:9)
  An ugly thing (D:9)
  Joseph (D:9)
  An unseen horror (D:8)
  6 yaks (D:7)
  A wyvern (D:9)
  A vampire mosquito (D:10)
  Edmund (D:5)
  2 ice beasts (D:7)
  A necrophage (D:5)
  An ogre (D:6)
  A sky beast (D:7)
  A black bear (D:8)
  A phantom (D:5)
  3 centaurs
  2 wolves (D:7)
  2 kobold brigands
  7 bullfrogs
  3 scorpions
  3 gnoll sergeants
  6 killer bees (D:9)
  The ghost of croobank the Covered, a weakling DgFi (D:3)
  3 wights
  3 howler monkeys (D:8)
  A bullfrog zombie (D:6)
  3 orc priests
  A hound (D:6)
  4 jellies
  An iguana (D:5)
  Jessica (D:2)
  2 gnoll shamans
  Terence (D:3)
  4 orc wizards
  A killer bee zombie (D:8)
  2 howler monkey zombies
  23 gnolls
  5 adders
  A shadow imp (D:6)
  An ufetubus (D:4)
  4 worms
  2 dart slugs
  27 orcs
  9 endoplasms
  2 giant cockroaches
  9 goblins
  9 hobgoblins
  8 jackals (D:1)
  23 kobolds
  2 quokkas
  5 ball pythons
  5 bats
  3 frilled lizards
  7 rats
219 creatures vanquished.

Vanquished Creatures (others)
  A fungus (D:2)
  20 plants (D:3)
  10 toadstools (D:2)
  2 withered plants (D:3)
33 creatures vanquished.

Grand Total: 252 creatures vanquished

Notes
Turn   | Place    | Note
-------+----------+-------------------------------------------
     0 | D:1      | pkoi the Troll Monk began the quest for the Orb.
     0 | D:1      | Reached XP level 1. HP: 22/22 MP: 0/0
   114 | D:1      | Reached XP level 2. HP: 29/29 MP: 1/1
   514 | D:1      | Reached XP level 3. HP: 36/36 MP: 2/2
   730 | D:2      | Reached skill level 4 in Unarmed Combat
   761 | D:2      | Found Xounops's Antique Armour Boutique.
   872 | D:2      | Noticed Jessica
   888 | D:2      | Killed Jessica
   889 | D:2      | Reached XP level 4. HP: 32/45 MP: 3/3
  1300 | D:1      | Reached skill level 5 in Unarmed Combat
  1300 | D:1      | Reached XP level 5. HP: 45/53 MP: 4/4
  1772 | D:3      | Noticed Terence
  1780 | D:3      | Killed Terence
  1781 | D:3      | Reached XP level 6. HP: 50/62 MP: 5/5
  1928 | D:3      | Found an iron altar of Okawaru.
  2003 | D:3      | Became a worshipper of Warmaster Okawaru
  2003 | D:3      | Reached * piety under Okawaru
  2003 | D:3      | Reached ** piety under Okawaru
  2048 | D:3      | Found a runed translucent door.
  2050 | D:3      | Noticed croobank's ghost (weakling DgFi)
  2094 | D:3      | Found an ornate altar of the Wu Jian Council.
  2094 | D:3      | Found a hazy altar of Hepliaklqana.
  2214 | D:3      | Reached skill level 6 in Unarmed Combat
  2351 | D:3      | Killed croobank's ghost
  2719 | D:4      | Found a staircase to the Ecumenical Temple.
  2846 | Temple   | Entered the Ecumenical Temple
  3013 | D:5      | Entered Level 5 of the Dungeon
  3275 | D:5      | Reached skill level 1 in Invocations
  3294 | D:5      | Noticed Edmund
  3305 | D:5      | Killed Edmund
  3306 | D:5      | Reached XP level 7. HP: 28/70 MP: 7/7
  3442 | D:5      | Reached skill level 7 in Unarmed Combat
  3460 | D:5      | Learned a level 2 spell: Blink
  3836 | D:5      | Found an opulent altar of Gozag.
  4130 | D:5      | Reached *** piety under Okawaru
  4194 | D:6      | Reached XP level 8. HP: 75/79 MP: 9/9
  4208 | D:6      | Found a bloodstained altar of Trog.
  4217 | D:6      | Reached skill level 8 in Unarmed Combat
  4247 | D:6      | Identified the +1 ring mail of the Burnt Robin {Int+4}
  4249 | D:6      | Reached skill level 5 in Fighting
  4550 | D:6      | Reached **** piety under Okawaru
  5113 | D:7      | Reached skill level 9 in Unarmed Combat
  5183 | D:7      | Found Tevet's Gadget Gallery.
  5419 | D:7      | Reached XP level 9. HP: 89/89 MP: 11/11
  5559 | D:7      | Found a basalt altar of Yredelemnul.
  5713 | D:8      | Noticed Grum
  6078 | D:8      | Reached skill level 10 in Unarmed Combat
  6085 | D:8      | Reached skill level 5 in Invocations
  6164 | D:7      | Reached ***** piety under Okawaru
  6215 | D:7      | HP: 4/92 [yak (11)]
  6273 | D:7      | Received a gift from Okawaru
  6521 | D:8      | Killed an unseen horror
  6522 | D:8      | Reached XP level 10. HP: 53/100 MP: 13/13
  6758 | D:8      | Reached skill level 11 in Unarmed Combat
  6924 | D:9      | Reached skill level 1 in Throwing
  7385 | D:9      | Received a gift from Okawaru
  7609 | D:9      | Noticed Joseph
  7615 | D:9      | Killed Joseph
  8031 | D:9      | Noticed a two-headed ogre
  8038 | D:9      | Killed a two-headed ogre
  8112 | D:9      | Noticed a cyan ugly thing
  8127 | D:9      | Killed a cyan ugly thing
  8127 | D:9      | Identified the +4 trident "Koclabba" {antimagic, rC- Str+5}
                  | (Okawaru gifted it to you on level 9 of the Dungeon)
  8127 | D:9      | Received a gift from Okawaru
  8309 | D:10     | Entered Level 10 of the Dungeon
  8340 | D:10     | Slain by a vampire mosquito

Illustrated notes

Levels and vault maps discovered:
D:1:      shiori_shiawase, layout_basic
D:2:      cheibrodos_fertilizer, layout_rooms, serial_shops, shop, uniq_jessica
D:3:      layout_loops_corners, mainiacjoe_overflow_cross_hatched,
          mainiacjoe_overflow_large_starburst, gammafunk_ghost_grave,
          hangedman_abyss_or_decor_lesser_grid, patterned_corridor, uniq_terence
D:4:      layout_rooms, minmay_temple_entry_enclosed_plants
D:5:      layout_cave_pods, grunt_gozag_breadcrumbs, uniq_edmund
D:6:      layout_cave_pools, bloody_trog, moated_statue, minivault_5,
          kennysheep_generic_room_3
D:7:      layout_cave_pools, lemuel_coloured_pillars_altar, chequers_jeans,
          nicolae_shop_gadgets
D:8:      layout_gridville, uniq_grum
D:9:      layout_cave_pods, uniq_joseph
D:10:     layout_loops_corners, erik_lair_island, uniq_josephine, uniq_erica
Temple:   regret_index_temple_sphere_string

Skill      XL: |  1  2  3  4  5  6  7  8  9 10 |
---------------+-------------------------------+-----
Unarmed Combat | 4 5 6 7 9 10 11 | 11.8
Fighting       | 3 4 5 6 7 |  7.2
Invocations    | 1 2 4 5 6 |  6.0
Throwing       | 2 |  2.7
Dodging        | 3 |  3.6
Stealth        | |  1.0

Action                   |  1- 3 |  4- 6 |  7- 9 | 10-12 || total
-------------------------+-------+-------+-------+-------++-------
Melee: Unarmed           |   111 |   174 |   252 |   107 ||   644
       Punch             |     4 |     4 |    15 |     3 ||    26
Invok: Heroism           |       |     2 |       |     4 ||     6
  Use: Scroll            |       |     6 |       |       ||     6
       Potion            |       |     3 |       |     2 ||     5
 Stab: Sleeping          |     2 |     3 |     4 |       ||     9
Armor: Robe              |    44 |    29 |    58 |    20 ||   151
Dodge: Dodged            |    75 |    90 |   169 |   103 ||   437
